 Dungeon Crawl Stone Soup version 0.30-a0-643-g638baaf3f0 (webtiles) character file.

Game seed: 5578638850133679742

252 CoinPitGoblin the Conjurer (level 5, 0/37 HPs)
             Began as a Demonspawn Conjurer on Jan 16, 2023.
             Slain by a black bear (10 damage)
             ... on level 4 of the Dungeon.
             The game lasted 00:09:03 (3071 turns).

CoinPitGoblin the Conjurer (Demonspawn Conjurer)    Turns: 3071, Time: 00:09:04

Health: 0/37       AC:  5    Str:  8    XL:     5   Next: 89%
Magic:  2/9        EV: 13    Int: 21    God:
Gold:   85         SH:  0    Dex: 17    Spells: 4/10 levels left

rFire   . . .      SeeInvis .    f - +1 short sword
rCold   . . .      Faith    .    (no shield)
rNeg    . . .      Spirit   .    a - +0 robe
rPois   .          Reflect  .    d - +1 hat {Will+}
rElec   .          Harm     .    (no cloak)
rCorr   .          Rampage  .    (no gloves)
Will    +....                    (no boots)
Stlth   ++                       (no amulet)
HPRegen 0.26/turn                k - +6 ring of dexterity
MPRegen 0.11/turn                (no ring)

@: no status effects
A: icy blue scales 1, powered by death 1, demonic touch 1
a: no special abilities


You were on level 4 of the Dungeon.
You visited 1 branch of the dungeon, and saw 4 of its levels.

You collected 85 gold pieces.

Inventory:

Hand Weapons
 f - a +1 short sword (weapon)
Armour
 a - a +0 robe (worn)
 d - a +1 hat of willpower (worn)
 i - +0 acid dragon scales
 r - a +1 leather armour of fire resistance
Jewellery
 k - a +6 ring of dexterity (left hand)
Wands
 j - a wand of roots (5)
 o - a wand of paralysis (10)
Scrolls
 g - a scroll of brand weapon {unknown}
 l - a scroll of identify
 m - a scroll of fear {unknown}
 p - 3 scrolls of teleportation
Potions
 b - 2 potions of magic
 c - 4 potions of might
 e - a potion of degeneration {unknown}
 h - 2 potions of haste
 n - a potion of invisibility {unknown}
 q - a potion of ambrosia {unknown}


   Skills:
 + Level 1.1 Fighting
 + Level 2.9 Dodging
 - Level 1.7 Stealth
 + Level 3.2 Spellcasting
 + Level 5.5 Conjurations
 * Level 1.4 Hexes


You had 4 spell levels left.
You knew the following spells:

 Your Spells              Type           Power      Damage    Failure   Level
a - Magic Dart            Conj           100%       1d8       1%          1
b - Searing Ray           Conj           52%        2d6       1%          2
c - Inner Flame           Hex/Fire       6%         N/A       28%         3

Your spell library contained the following spells:

 Spells                   Type           Power      Damage    Failure   Level
 Dazzling Flash           Conj/Hex       36%        N/A       10%         3
 Apportation              Tloc           6%         N/A       13%         1
 Beastly Appendage        Tmut           6%         N/A       13%         1
 Sting                    Tmut/Pois      12%        1d3       13%         1
 Wereblood                Tmut           3%         N/A       21%         2
 Fulminant Prism          Conj/Hex       9%         3d7       30%         4
 Ignite Poison            Fire/Tmut/Pois 3%         N/A       36%         3
 Kindle Blastsparks       Fire/Tloc/Air  6%         2d10      36%         3
 Spider Form              Tmut/Pois      3%         N/A       36%         3
 Iskenderun's Mystic Bla  Conj/Tloc      15%        2d5       38%         4
 Cause Fear               Hex            4%         N/A       56%         4
 Irradiate                Conj/Tmut      7%         3d14      75%         5
 Storm Form               Tmut/Air       1%         N/A       100%        7
 Discord                  Hex            4%         N/A       100%        8


Dungeon Overview and Level Annotations

Branches:
Dungeon (4/15)
 Temple: D:4-7

Altars:
Cheibriados


Innate Abilities, Weirdness & Mutations

You are partially covered in icy blue scales. (AC +2)
You regenerate a little health from kills.
Your touch may inflict minor irresistible damage on your foes.


Message History

Okay, then.
The magic dart hits the black bear.
The black bear is heavily wounded.
The magic dart hits the black bear.
The black bear is heavily wounded.
The magic dart hits the black bear.
The black bear is severely wounded.
The black bear barely misses you.
The black bear claws you but does no damage. x2
You completely miss the black bear.
The black bear is severely wounded.
The black bear barely misses you.
The black bear claws you but does no damage.
The black bear claws you.
You hit the black bear.
The black bear is severely wounded.
The black bear goes berserk!
You closely miss the black bear.
The black bear is severely wounded.
The black bear bites you! The black bear misses you. The black bear claws you.
You barely miss the black bear. Your touch misses the black bear.
The black bear is severely wounded.
The black bear bites you.
The black bear claws you but does no damage.
The black bear barely misses you. The black bear bites you!
* * * LOW HITPOINT WARNING * * *
The black bear claws you.
* * * LOW HITPOINT WARNING * * *
The black bear closely misses you.
Okay, then.
Casting: Magic Dart (safe; 1% risk of failure)
Confirm with . or Enter, or press ? or * to list all spells.
Aiming: Searing Ray (safe; 1% risk of failure)
Press: ? - help, Shift-Dir - straight line, f/p - black bear
Aim: a black bear (severely wounded, berserk, 85% to hit)
The searing ray hits the black bear.
The black bear is severely wounded. (Press . to maintain the ray.)
The black bear bites you!
You die...

#........=.. #
..(.......# ..
.........#
.##........# #
..........# ##.
#........# ....
#.h......#
....####..@)....#
.......###.###.###
.......###.###....
#.<......#
#.†.#.##....#
###.#.# ##..
#####.#.#####
##.....#.....##
##.............##


You could see a black bear (berserk).

Vanquished Creatures
  An orc priest (D:3)
  Ijyb (D:3)
  2 orc wizards (D:3)
  3 adders
  A gnoll (D:1)
  A worm (D:3)
  3 dart slugs
  15 orcs
  6 ball pythons
  9 bats
  8 endoplasms
  A giant cockroach (D:3)
  3 goblins
  5 hobgoblins
  9 jackals
  5 quokkas
  4 frilled lizards
  4 kobolds
  3 rats
84 creatures vanquished.

Notes
Turn   | Place    | Note
-------+----------+-------------------------------------------
     0 | D:1      | CoinPitGoblin the Demonspawn Conjurer began the quest for
                  | the Orb.
     0 | D:1      | Reached XP level 1. HP: 13/13 MP: 3/3
   353 | D:1      | Gained mutation: Your touch may inflict minor irresistible
                  | damage on your foes. [demonic ancestry]
   353 | D:1      | Reached XP level 2. HP: 19/19 MP: 3/5
   609 | D:1      | Gained mutation: You regenerate a little health from kills.
                  | [demonic ancestry]
   609 | D:1      | Reached XP level 3. HP: 24/24 MP: 2/6
   785 | D:1      | Found a faded altar of an unknown god.
  1309 | D:2      | Identified a scroll of acquirement
  1309 | D:2      | Acquired the Folio of Direction and Reformation
  1314 | D:2      | Learned a level 2 spell: Searing Ray
  1318 | D:2      | Learned a level 3 spell: Inner Flame
  1342 | D:2      | Reached skill level 5 in Conjurations
  1593 | D:2      | Reached XP level 4. HP: 29/30 MP: 4/7
  2045 | D:3      | Noticed Ijyb
  2061 | D:3      | Killed Ijyb
  2253 | D:3      | Found a snail-covered altar of Cheibriados.
  2422 | D:3      | Gained mutation: You are partially covered in icy blue
                  | scales. (AC +2) [demonic ancestry]
  2422 | D:3      | Reached XP level 5. HP: 30/36 MP: 1/9
  2434 | D:3      | Reached skill level 1 in Hexes
  2827 | D:4      | Noticed an ice beast
  2863 | D:4      | Noticed a black bear
  2874 | D:3      | Reached skill level 1 in Fighting
  3060 | D:4      | Noticed a black bear
  3071 | D:4      | Slain by a black bear

Illustrated notes

Levels and vault maps discovered:
D:1:      amcnicky_arrival_gap_in_the_tavern_cellar, layout_basic,
          nicolae_ecumenical_snake_handling
D:2:      layout_loops_ring, minmay_unequal
D:3:      layout_rooms, kennysheep_slug_shrine, hangedman_decor_clover_reticule,
          uniq_ijyb
D:4:      layout_rooms, temple_pool_b

Skill      XL: |  1  2  3  4  5 |
---------------+----------------+-----
Dodging        | 2 |  2.9
Conjurations   | 5 |  5.5
Hexes          | 1 |  1.4
Spellcasting   | 3 |  3.2
Fighting       | 1 |  1.1
Stealth        | |  1.7

Action                   |  1- 3 |  4- 6 || total
-------------------------+-------+-------++-------
Melee: Short sword       |    50 |    84 ||   134
       Touch             |     9 |    15 ||    24
 Cast: Magic Dart        |    53 |    69 ||   122
       Searing Ray       |       |     3 ||     3
  Use: Scroll            |     1 |     7 ||     8
       Potion            |       |     2 ||     2
Armor: Robe              |    16 |    26 ||    42
Dodge: Dodged            |    41 |    63 ||   104

Table legend: (Time is in decaauts)
 A = Elapsed time spent in this place.
 B = Non-inter-level travel time spent in this place.
 C = Inter-level travel time spent in this place.
 D = Time resting spent in this place.
 E = Time spent auto-exploring this place.
 F = Levels seen in this place.
 G = Mean time per level.
                   A        B        C        D        E       F      G
               +--------+--------+--------+--------+--------+-----+--------+
         Total |   3072 |   2879 |    193 |     42 |   2308 |   4 |  768.0 |
       Dungeon |   3072 |   2879 |    193 |     42 |   2308 |   4 |  768.0 |
               +--------+--------+--------+--------+--------+-----+--------+

Top non-repeatable levels by time:
     D:1: 1018 daAuts
     D:2: 987 daAuts
     D:3: 935 daAuts
     D:4: 131 daAuts
